 Dungeon Crawl Stone Soup version 0.31-a0-819-gf6de2f5ab6 (webtiles) character file.

Game seed: 12998061815482847643

217 qw the Shooter (level 5, -1/32 HPs)
             Began as a Gargoyle Hunter on Sept 23, 2023.
             Slain by an orc
             ... wielding a +0 war axe
              (2 damage)
             ... on level 3 of the Dungeon.
             The game lasted 00:00:49 (1673 turns).

qw the Shooter (Gargoyle Hunter)                    Turns: 1673, Time: 00:00:50

Health: -1/32      AC:  8    Str: 14    XL:     5   Next: 94%
Magic:  5/5        EV: 16    Int: 10    God:
Gold:   159        SH:  0    Dex: 15    Spells: 4/4 levels left

rFire   + . .        Y - +0 shortbow
rCold   . . .        (shield currently unavailable)
rNeg    + . .        c - +0 leather armour
rPois   inf          (no helmet)
rElec   +            (no cloak)
rCorr   .            d - +0 pair of gloves
SInv    .            (no boots)
Will    .....        (no amulet)
Stlth   ++           m - +5 ring of evasion
HPRegen 0.25/turn    e - ring of protection from fire
MPRegen 0.09/turn

%: no passive effects
@: about to teleport
A: sickness immunity, AC +4, negative energy resistance 1, electricity
resistance, torment resistance 1, petrification resistance
a: no special abilities


You were on level 3 of the Dungeon.
You visited 1 branch of the dungeon, and saw 3 of its levels.

You collected 159 gold pieces.


Innate Abilities, Weirdness & Mutations

You are immune to sickness and miasma.
Your stone body is resilient. (AC +4)
You are immune to poison.
You resist negative energy. (rN+)
You are resistant to electric shocks. (rElec)
You are resistant to unholy torment.
You are immune to petrification.


   Skills:
 + Level 3.0 Fighting
 - Level 6.4 Ranged Weapons
 - Level 1.7 Armour
 - Level 1.5 Dodging
 - Level 1.1 Stealth


You had 4 spell levels left.
You didn't know any spells.
Your spell library was empty.

Inventory:

Hand Weapons
 Y - a +0 shortbow (weapon)
Armour
 c - a +0 leather armour (worn)
 d - a +0 pair of gloves (worn)
 f - a +0 ring mail
Jewellery
 e - a ring of protection from fire (right hand)
 j - a ring of ice
 m - a +5 ring of evasion (left hand)
Scrolls
 a - a scroll of vulnerability {unknown}
 b - a scroll of identify
Potions
 g - 2 potions of curing
 h - 2 potions of might
 k - a potion of heal wounds {unknown}

Dungeon Overview and Level Annotations

Branches:
Dungeon (3/15)

Altars:

Shops:
D:1 [   D:3 :


Message History

The arrow completely misses the orc wizard.
The orc wizard points at you and mumbles some strange words.
The magic dart hits you.
You shoot an arrow. The arrow hits the orc wizard.
The orc wizard is moderately wounded.
The orc wizard points at you and mumbles some strange words.
You are confused.
1664 ||| DRINKING 3 potions of curing.
You feel better.
1664 ||| (to cure confusion)
You shoot an arrow.
The arrow closely misses the orc wizard.
The arrow hits the orc but does no damage.
The orc wizard hits you with a +0 dagger.
You shoot an arrow. The arrow barely misses the orc wizard.
The orc wizard misses you.
You shoot an arrow.
The arrow closely misses the orc wizard.
The orc wizard hits you with a +0 dagger.
The orc closely misses you.
You shoot an arrow. The arrow hits the orc wizard.
The orc wizard is severely wounded.
The orc wizard closely misses you. The orc hits you with a +0 war axe.
The orc wizard barely misses you. The orc misses you.
You shoot an arrow. The arrow hits the orc wizard!
You kill the orc wizard!
The orc hits you with a +0 war axe!
Your Armour skill increases to level 1!
You shoot an arrow. The arrow hits the orc.
The orc is severely wounded.
The orc barely misses you.
You shoot an arrow. The arrow hits the orc.
The orc is almost dead.
The orc hits you with a +0 war axe.
1672 ||| READING scroll of teleportation.
As you read the scroll of teleportation, it crumbles to dust.
You feel strangely unstable. The orc hits you with a +0 war axe.
You shoot an arrow. The arrow closely misses the orc.
The orc hits you with a +0 war axe.
You die...

#.# #.# #.#
#.# #.# #.#
#.########.#
#.##.....).#
#.##.#######
# ####.##.##
# #........#
# #.##.##@.#
# .. #o)# #
#.# #.)).)#
# #
.....#..# #
####... .# #
#.#.# .. #
#.#.# ## #
#.#.. #
..###. #


You could see an orc.

Vanquished Creatures
  A scorpion (D:3)
  A jelly (D:3)
  An orc wizard (D:3)
  4 adders (D:2)
  2 worms
  3 dart slugs
  3 orcs (D:3)
  3 ball pythons
  6 bats
  4 endoplasms
  5 giant cockroaches
  6 goblins
  2 hobgoblins (D:1)
  4 jackals (D:2)
  A quokka (D:2)
  A frilled lizard (D:1)
  3 kobolds
  3 rats (D:1)
53 creatures vanquished.

Notes
Turn   | Place    | Note
-------+----------+-------------------------------------------
     0 | D:1      | qw the Gargoyle Hunter began the quest for the Orb.
     0 | D:1      | Reached XP level 1. HP: 12/12 MP: 1/1
     0 | D:1      | 0 ||| qw: Version: 0.3-a-83-gcd0e7d8
     0 | D:1      | 0 ||| qw: Game counter: 1365
     0 | D:1      | 0 ||| qw: Melee chars always use a shield: true
     0 | D:1      | 0 ||| qw: God list: Okawaru
     0 | D:1      | 0 ||| qw: Allow faded altars: false
     0 | D:1      | 0 ||| qw: Do Orc after clearing Dungeon:15 true
     0 | D:1      | 0 ||| qw: Do second Lair branch before Depths: true
     0 | D:1      | 0 ||| qw: Lair rune preference: random
     0 | D:1      | 0 ||| qw: Goals: Normal
     0 | D:1      | 0 ||| PLANNING D:1-11
    50 | D:1      | Reached XP level 2. HP: 17/17 MP: 2/2
   175 | D:1      | Found Anearogism's Antique Armour Emporium.
   186 | D:1      | 186 ||| SHOPLISTING ring mail (80 gold, have 0).
   211 | D:1      | Reached XP level 3. HP: 21/21 MP: 3/3
   322 | D:1      | Reached skill level 5 in Ranged Weapons
   416 | D:1      | 416 ||| UPGRADING to +0 pair of gloves.
   421 | D:1      | 421 ||| UPGRADING to +5 ring of evasion.
   422 | D:1      | 422 ||| READING scroll labelled UQOOMU ZEHOA.
   523 | D:1      | 523 ||| READING scroll labelled DAMIYNNEZE.
   524 | D:1      | 524 ||| READING scroll labelled ZOUHISTRUQU.
   528 | D:1      | 528 ||| READING scroll labelled CUOWKYHASA.
   529 | D:1      | 529 ||| DRINKING 2 puce potions.
   530 | D:1      | 530 ||| DRINKING 2 silvery potions.
   531 | D:1      | 531 ||| DROPPING scroll of butterflies.
   617 | D:2      | Reached skill level 3 in Fighting
   692 | D:2      | Reached XP level 4. HP: 28/28 MP: 4/4
  1000 | D:2      | Found a faded altar of an unknown god.
  1149 | D:2      | 1149 ||| UPGRADING to ring of protection from fire.
  1150 | D:2      | 1150 ||| READING scroll labelled MOUMAI OSUA.
  1151 | D:2      | 1151 ||| READING scroll labelled UMUROT BECUSHU.
  1152 | D:2      | 1152 ||| READING scroll labelled YNIGAL CYBLIQID.
  1153 | D:2      | 1153 ||| READING scroll labelled JIROEXEODO.
  1154 | D:2      | 1154 ||| READING 2 scrolls of identify.
  1154 | D:2      | 1154 ||| IDENTIFYING glowing clear potion
  1155 | D:2      | 1155 ||| DROPPING potion of invisibility.
  1238 | D:3      | Reached XP level 5. HP: 32/32 MP: 5/5
  1294 | D:3      | Reached skill level 6 in Ranged Weapons
  1591 | D:3      | Found Aha Ajon's Book Emporium.
  1661 | D:3      | 1661 ||| FLEEEEING.
  1664 | D:3      | 1664 ||| DRINKING 3 potions of curing.
  1664 | D:3      | 1664 ||| (to cure confusion)
  1670 | D:3      | Reached skill level 1 in Armour
  1671 | D:3      | HP: 5/32 [orc/+0 war axe (6)]
  1672 | D:3      | 1672 ||| READING scroll of teleportation.
  1672 | D:3      | HP: 1/32 [orc/+0 war axe (4)]
  1673 | D:3      | Slain by an orc

Levels and vault maps discovered:
D:1:      minmay_arrival_radiant_lines, layout_rooms, serial_shops, shop
D:2:      layout_basic, shapermc_ecumenical_altar_rom_forum, minmay_tetromino_l2
D:3:      layout_loops_ring, serial_shops, nicolae_lakefront_shop

Skill      XL: |  1  2  3  4  5 |
---------------+----------------+-----
Ranged Weapons | 5 6 |  6.4
Fighting       | 3 |  3.0
Armour         | 1 |  1.7
Dodging        | |  1.5
Stealth        | |  1.1

Action                     |  1- 3 |  4- 6 || total
---------------------------+-------+-------++-------
   Fire: Shortbow          |    88 |   113 ||   201
    Use: Scroll            |     4 |     6 ||    10
         Potion            |     2 |     1 ||     3
 Armour: Leather armour    |    11 |    40 ||    51
  Dodge: Dodged            |    17 |    64 ||    81

Table legend:
 A = Non-vault XP
 B = Vault XP
 C = Vault XP percentage of total XP
 D = Non-vault monster count
 E = Vault monster count
 F = Vault count percentage of total count
                 A         B        C        D         E       F
            +---------+---------+-------+---------+---------+-------
      Total |     291 |      19 |   6.1 |      51 |       2 |   3.8
            +---------+---------+-------+---------+---------+-------
        D:1 |      41 |       0 |   0.0 |      23 |       0 |   0.0
        D:2 |      66 |      19 |  22.4 |      15 |       2 |  11.8
        D:3 |     184 |       0 |   0.0 |      13 |       0 |   0.0
            +---------+---------+-------+---------+---------+-------
